[Event "Titled Tuesday Blitz May 31 Early 2022"]
[White "Kozlov, Oleg"]
[Black "Costachi, Mihnea"]
[WhiteFideId "4104544"]
[BlackFideId "1217518"]
[WhiteElo "2132"]
[BlackElo "2476"]
[Result "1-0"]
[Round "03"]
[TimeControl "180+1"]
[Date "2022.05.31"]
[WhiteClock "0:00:38"]
[BlackClock "0:00:08"]

1. d4 Nf6 2. c4 g6 3. Nc3 Bg7 4. e4 O-O 5. h3 a6 6. Bg5 c5 7. d5 b5 8. e5 Ne8 9. d6 f6 10. Qd5+ Kh8 11. Qxa8 Nc6 12. exf6 exf6 13. Bf4 g5 14. Bh2 f5 15. cxb5 Nb4 16. O-O-O Qa5 17. Bc4 Bxc3 18. bxc3 Qa3+ 19. Kb1 Qxc3 20. Bb3 Ng7 21. Qf3 Qf6 22. a3 axb5 23. axb4 c4 24. Ba2 Ne6 25. Ne2 f4 26. Qc3 Bb7 27. Qxf6+ Rxf6 28. f3 Ng7 29. Nc3 Nf5 30. Nxb5 Ne3 31. Rd2 c3 32. Nxc3 Kg7 33. Re1 Rf5 34. Rxe3 fxe3 35. Re2 g4 36. hxg4 Rf8 37. Rxe3 Re8 38. Rxe8 1-0


[Site "https://www.chess.com"]

[Event "Titled Tuesday Blitz May 31 Early 2022"]
[White "Kucuksari, Kaan"]
[Black "Pichot, Alan"]
[WhiteFideId "6380166"]
[BlackFideId "110973"]
[WhiteElo "2305"]
[BlackElo "2579"]
[Result "0-1"]
[Round "03"]
[TimeControl "180+1"]
[Date "2022.05.31"]
[WhiteClock "0:00:03"]
[BlackClock "0:00:57"]

1. d4 Nf6 2. c4 e6 3. g3 d5 4. Nf3 Be7 5. Bg2 O-O 6. O-O dxc4 7. Qc2 a6 8. a4 Bd7 9. Qxc4 Bc6 10. Bf4 a5 11. Nc3 Na6 12. Rfd1 Nb4 13. Rac1 Bd6 14. Bg5 h6 15. Bxf6 Qxf6 16. e4 Qg6 17. Nh4 Qg5 18. f4 Bxf4 19. Nf3 Be3+ 20. Kh1 Qh5 21. Ra1 Rfd8 22. Re1 Nc2 23. Re2 Nxa1 24. Rxe3 Nc2 25. Re2 Nb4 26. Ne5 Qg5 27. Rf2 Be8 28. Rf4 Nc6 29. Nf3 Qe7 30. e5 Qb4 31. Qd3 Qxb2 32. Rg4 Qc1+ 33. Nd1 Nb4 34. Qd2 Qxd2 35. Nxd2 Bxa4 36. Ne3 Bc6 37. Bxc6 bxc6 38. Ne4 a4 39. Nf6+ Kh8 40. Nh5 a3 41. Rxg7 a2 42. Ng4 a1=Q+ 43. Kg2 Ra2+ 44. Kh3 Qf1+ 45. Kh4 Qf5 46. Nhf6 Qg5+ 47. Rxg5 hxg5+ 48. Kxg5 Kg7 49. Nh6 Rxd4 50. Nh5+ Kf8 51. Kf6 Rf2+ 0-1


[Site "https://www.chess.com"]

[Event "Titled Tuesday Blitz May 31 Early 2022"]
[White "Lazavik, Denis"]
[Black "Matinian, Nikita"]
[WhiteFideId "13515110"]
[BlackFideId "24129100"]
[WhiteElo "2437"]
[BlackElo "2422"]
[Result "0-1"]
[Round "03"]
[TimeControl "180+1"]
[Date "2022.05.31"]
[WhiteClock "0:00:04"]
[BlackClock "0:00:26"]

1. d4 Nf6 2. c4 g6 3. g3 Bg7 4. Bg2 O-O 5. Nc3 d6 6. Nf3 Nc6 7. O-O e5 8. d5 Nb8 9. e4 a5 10. Ne1 Na6 11. a3 Nc5 12. Be3 b6 13. b4 axb4 14. axb4 Rxa1 15. Qxa1 Nb3 16. Qd1 Nd4 17. Nc2 Nxc2 18. Qxc2 Ng4 19. Bd2 f5 20. f3 Nf6 21. Ra1 f4 22. Ne2 g5 23. c5 bxc5 24. bxc5 g4 25. Ra8 gxf3 26. Bxf3 Qd7 27. gxf4 exf4 28. Nxf4 Ng4 29. cxd6 Bd4+ 30. Kh1 Nf2+ 31. Kg2 Rxf4 32. Bxf4 Qh3+ 33. Kg1 Ng4+ 0-1


[Site "https://www.chess.com"]

[Event "Titled Tuesday Blitz May 31 Early 2022"]
[White "Legenia, Artem"]
[Black "Hamley, Ryan"]
[WhiteFideId "14136945"]
[BlackFideId "30959497"]
[WhiteElo "1936"]
[BlackElo "2505"]
[Result "1/2-1/2"]
[Round "03"]
[TimeControl "180+1"]
[Date "2022.06.01"]
[WhiteClock "0:00:09"]
[BlackClock "0:00:07"]

1. d4 Nf6 2. Nf3 e6 3. e3 b6 4. b3 Bb7 5. Bb2 d6 6. Bd3 Nbd7 7. Nbd2 Be7 8. O-O O-O 9. a4 a6 10. Qe2 Re8 11. e4 Bf8 12. e5 Nd5 13. g3 Nb4 14. Be4 d5 15. Bd3 Nxd3 16. Qxd3 c5 17. Rfe1 Nb8 18. dxc5 bxc5 19. Rad1 Nc6 20. c4 dxc4 21. Qxd8 Raxd8 22. Nxc4 Nb4 23. Nh4 Nd3 24. Rf1 Nxb2 25. Nxb2 g5 26. Ng2 Bf3 27. Rxd8 Rxd8 28. Rc1 Rd2 29. Nc4 Rd3 30. Rb1 Rd7 31. Nge3 Be4 32. Rc1 Rb7 33. Na5 Rb4 34. Rc4 Bf3 35. Rxb4 cxb4 36. Kf1 Bc5 37. Nac4 h5 38. Ke1 Bd4 39. Kd2 Be4 40. Nc2 Bxc2 41. Kxc2 Bxf2 42. Kd3 g4 43. Ke4 Bg1 44. Na5 Bxh2 45. Kf4 Kg7 46. Nc6 Kg6 47. Nxb4 h4 48. Kxg4 hxg3 49. Kf3 Kf5 50. Nc6 Bg1 51. b4 Bb6 52. Kxg3 Ke4 53. Kg4 Kd5 54. Ne7+ Kxe5 55. Nc8 Bc7 56. b5 axb5 57. axb5 f5+ 58. Kf3 Kf6 59. b6 Bb8 60. Na7 e5 61. Nc6 e4+ 62. Ke2 Bd6 63. b7 f4 64. b8=Q Bxb8 65. Nxb8 Ke5 66. Nc6+ Kd5 67. Ne7+ Ke6 68. Nc6 Kd6 69. Nd4 Kd5 70. Nf5 Ke5 71. Nh4 Kd4 72. Ng6 f3+ 73. Kf2 Kd3 74. Nf4+ Kd2 75. Nd5 Kd3 76. Nf4+ Kd4 77. Ne6+ Ke5 78. Ng5 Kf4 79. Ne6+ Kf5 80. Nd4+ Ke5 81. Nc2 Kf4 82. Ne3 Kg5 83. Nd5 Kf5 84. Ne3+ Kf6 85. Nd5+ Ke5 86. Ne3 Ke6 87. Ng4 Kd5 88. Ne3+ Ke5 89. Ng4+ Kf4 90. Ne3 Ke5 1/2-1/2


[Site "https://www.chess.com"]

[Event "Titled Tuesday Blitz May 31 Early 2022"]
[White "Levitskiy, Andrey"]
[Black "Stribuk, Artiom"]
[WhiteFideId "14132885"]
[BlackFideId "13515659"]
[WhiteElo "2301"]
[BlackElo "2259"]
[Result "0-1"]
[Round "03"]
[TimeControl "180+1"]
[Date "2022.06.01"]
[WhiteClock "0:00:09"]
[BlackClock "0:00:12"]

1. e4 c5 2. Nf3 Nc6 3. d4 cxd4 4. Nxd4 g6 5. c4 Bg7 6. Be3 Qb6 7. Nb5 Qa5+ 8. N1c3 Nf6 9. f3 O-O 10. Be2 d6 11. O-O a6 12. Nd4 Nxd4 13. Bxd4 Be6 14. Rc1 Rfc8 15. b3 b5 16. Nd5 Bxd5 17. exd5 bxc4 18. Bxc4 Nxd5 19. Bxg7 Ne3 20. Qd4 Nf5 21. Qd5 Qb6+ 22. Kh1 e6 23. Qd2 Kxg7 24. Rfe1 d5 25. Bd3 Qd4 26. Qe2 a5 27. Bxf5 gxf5 28. Rcd1 Qf6 29. Qf2 Kh8 30. Rd4 Rc2 31. Qxc2 Qxd4 32. Qc6 Ra7 33. Qc2 Kg7 34. Rd1 Rc7 35. Qe2 Qc3 36. h3 Qc2 37. Qe1 Qc3 38. Rd2 Kh8 39. Qe2 Qc1+ 40. Kh2 Qc3 41. Rd3 Qf6 42. Rd2 Rc3 43. Qd1 Qe5+ 44. Kh1 Qc7 45. Qe2 Rc1+ 46. Rd1 Qc2 47. Qxc2 Rxc2 48. a3 Rb2 49. b4 axb4 50. axb4 Rxb4 51. Rb1 Rxb1+ 52. Kh2 Rb2 53. Kg3 Kg7 54. Kf4 Kf6 55. g4 e5+ 56. Kg3 f4+ 57. Kh4 Kg6 0-1


[Site "https://www.chess.com"]

[Event "Titled Tuesday Blitz May 31 Early 2022"]
[White "Livaic, Leon"]
[Black "Jobava, Baadur"]
[WhiteFideId "14531534"]
[BlackFideId "13601520"]
[WhiteElo "2540"]
[BlackElo "2617"]
[Result "0-1"]
[Round "03"]
[TimeControl "180+1"]
[Date "2022.05.31"]
[WhiteClock "0:00:02"]
[BlackClock "0:00:41"]

1. d4 c6 2. c4 d5 3. cxd5 cxd5 4. Bf4 Nf6 5. e3 Nc6 6. Nc3 a6 7. Be2 Bf5 8. Nf3 e6 9. Qb3 Bb4 10. Ne5 Qe7 11. O-O O-O 12. Nxc6 bxc6 13. Na4 Ne4 14. Rfc1 g5 15. Bg3 h5 16. Rxc6 h4 17. Rc7 Qd8 18. Be5 Rb8 19. Ra7 Be1 20. Qxb8 Bxf2+ 21. Kf1 Qxb8 22. Bxb8 Rxb8 23. Bh5 Bxe3 24. Bxf7+ Kh8 25. Rd1 Rb4 26. b3 Bxd4 27. Rxa6 Bg4 28. Rc1 Rb8 29. Rc7 Rf8 30. Ke1 Bf2+ 31. Kf1 Be3 32. Rac6 Kg7 33. Nc3 Nxc3 34. Rxc3 d4 35. R3c4 Rxf7+ 36. Rxf7+ Kxf7 37. b4 Bh5 38. b5 d3 0-1


[Site "https://www.chess.com"]

[Event "Titled Tuesday Blitz May 31 Early 2022"]
[White "Liyanage, Ranindu Dilshan"]
[Black "Svane, Frederik"]
[WhiteFideId "9915834"]
[BlackFideId "12923044"]
[WhiteElo "1858"]
[BlackElo "2459"]
[Result "0-1"]
[Round "03"]
[TimeControl "180+1"]
[Date "2022.05.31"]
[WhiteClock "0:00:34"]
[BlackClock "0:01:13"]

1. e4 c5 2. Nf3 d6 3. d4 cxd4 4. Nxd4 Nf6 5. Nc3 a6 6. h3 e6 7. g4 Be7 8. Be3 b5 9. Bg2 Bb7 10. a3 O-O 11. O-O Nfd7 12. Qe2 Nc6 13. Rfd1 Nxd4 14. Bxd4 Qc7 15. Rac1 Ne5 16. f4 Nc4 17. Rb1 e5 18. Be3 Nxe3 19. Qxe3 exf4 20. Qxf4 Rad8 21. Qf2 Bf6 22. Nd5 Bxd5 23. Rxd5 Qc4 24. c3 a5 25. Rbd1 b4 26. axb4 axb4 27. Rxd6 Rxd6 28. Rxd6 bxc3 29. bxc3 Qxc3 30. Rd5 Rb8 31. Bf1 Be5 32. Rd7 Qb3 33. Rd3 Qa4 34. Qf5 Bd4+ 35. Kh1 g6 36. Qd7 Qxd7 0-1


[Site "https://www.chess.com"]

[Event "Titled Tuesday Blitz May 31 Early 2022"]
[White "Martinez Alcantara, Jose Eduardo"]
[Black "Makarian, Rudik"]
[WhiteFideId "3805662"]
[BlackFideId "44105681"]
[WhiteElo "2690"]
[BlackElo "2419"]
[Result "1-0"]
[Round "03"]
[TimeControl "180+1"]
[Date "2022.05.31"]
[WhiteClock "0:00:32"]
[BlackClock "0:00:14"]

1. e4 c5 2. Nf3 e6 3. c3 d5 4. exd5 Qxd5 5. d4 Nf6 6. Be3 cxd4 7. cxd4 Nc6 8. Nc3 Qd6 9. Bc4 Be7 10. a3 O-O 11. O-O b6 12. d5 exd5 13. Nxd5 Nxd5 14. Qxd5 Bb7 15. Qxd6 Bxd6 16. Bd5 Rfd8 17. Rfd1 Na5 18. Bxb7 Nxb7 19. Kf1 Bc5 20. Bf4 Rac8 21. Rac1 f6 22. Rxd8+ Rxd8 23. b4 Bd6 24. Be3 Kf7 25. Nd4 Rd7 26. Nb5 Nd8 27. Nxd6+ Rxd6 28. Rc7+ Kg6 29. Rxa7 b5 30. Ke2 Ne6 31. Ra5 Rd5 32. a4 Nc7 33. Bf4 Ne6 34. Be3 Nc7 35. Bb6 Re5+ 36. Kd2 Nd5 37. Rxb5 Rf5 38. g4 1-0


[Site "https://www.chess.com"]

[Event "Titled Tuesday Blitz May 31 Early 2022"]
[White "Meshkovs, Nikita"]
[Black "Pham, Tran Gia Phuc"]
[WhiteFideId "11602740"]
[BlackFideId "12415669"]
[WhiteElo "2506"]
[BlackElo "1789"]
[Result "1-0"]
[Round "03"]
[TimeControl "180+1"]
[Date "2022.05.31"]
[WhiteClock "0:00:54"]
[BlackClock "0:01:15"]

1. Nf3 Nf6 2. g3 g6 3. Bg2 Bg7 4. O-O O-O 5. d4 d5 6. a4 a5 7. c3 c6 8. Bf4 Bf5 9. Qb3 Qc8 10. Rc1 Ne4 11. Nfd2 Nd7 12. Nxe4 Bxe4 13. Bxe4 dxe4 14. Nd2 Nf6 15. Be5 Qf5 16. Bxf6 exf6 17. e3 Rab8 18. c4 Rfe8 19. c5 h5 20. Nc4 Qg4 21. Nd6 Re7 22. Qd1 Qg5 23. h4 Qd5 24. Qe1 b6 25. b4 f5 26. Rab1 bxc5 27. bxc5 Rxb1 28. Rxb1 Ra7 29. Rb8+ Kh7 30. Qb1 Bf6 31. Qb3 Qxb3 32. Rxb3 Be7 33. Nxf7 Bxh4 34. Ne5 Bf6 35. Nxc6 Rc7 36. Nxa5 1-0


[Site "https://www.chess.com"]

[Event "Titled Tuesday Blitz May 31 Early 2022"]
[White "Milanovic, Marko"]
[Black "Rustemov, Alexander"]
[WhiteFideId "980129"]
[BlackFideId "4119002"]
[WhiteElo "2151"]
[BlackElo "2834"]
[Result "0-1"]
[Round "03"]
[TimeControl "180+1"]
[Date "2022.06.01"]
[WhiteClock "0:00:03"]
[BlackClock "0:00:05"]

1. e4 e6 2. d3 c5 3. Nd2 Nc6 4. Ngf3 g6 5. g3 Bg7 6. Bg2 Nge7 7. O-O O-O 8. Re1 d6 9. c3 e5 10. a4 h6 11. Qe2 Be6 12. Nc4 Qd7 13. Be3 b6 14. Rad1 d5 15. exd5 Bxd5 16. Nfxe5 Bxe5 17. Nxe5 Nxe5 18. Bxh6 N7c6 19. Bxf8 Rxf8 20. f4 Bxg2 21. Kxg2 Ng4 22. Qf3 Nf6 23. f5 gxf5 24. Rf1 Ne7 25. Qf4 Kg7 26. Qg5+ Ng6 27. Rxf5 Nh7 28. Qg4 Qe6 29. Qf3 Re8 30. Rf1 Re7 31. a5 f6 32. axb6 axb6 33. Qd5 Ng5 34. h4 Qxd5+ 35. Rxd5 Nf7 36. d4 cxd4 37. Rxd4 Nge5 38. Ra1 Rb7 39. Ra6 b5 40. Rf4 Nd7 41. Rg4+ Kf8 42. Rd4 Nfe5 43. h5 Kg7 44. Rd5 Kh6 45. Ra5 b4 46. Rd6 Kxh5 47. Ra8 Kg6 48. Rc8 bxc3 49. bxc3 Rb2+ 50. Kf1 Kf5 51. Rd5 Ke4 52. Rd4+ Kf3 53. Rd1 Rh2 54. Kg1 Rg2+ 55. Kh1 Rxg3 56. c4 Rg7 57. c5 Rh7+ 58. Kg1 Ke2 59. Rf1 Nf3+ 60. Rxf3 Kxf3 61. c6 Ne5 62. c7 Ke4 63. Kf2 f5 64. Ke2 Rd7 65. Kf2 f4 66. Ke2 f3+ 67. Kf2 Rd2+ 68. Ke1 Rc2 69. Kf1 Rc6 70. Kf2 Rc2+ 71. Kg3 f2 72. Rf8 Rxc7 73. Rxf2 Rg7+ 74. Kh2 Nf3+ 75. Kh3 Kf4 76. Rg2 Rh7# 0-1


[Site "https://www.chess.com"]

[Event "Titled Tuesday Blitz May 31 Early 2022"]
[White "Nakamura, Hikaru"]
[Black "Xu, Yi"]
[WhiteFideId "2016192"]
[BlackFideId "8605564"]
[WhiteElo "2850"]
[BlackElo "2471"]
[Result "1-0"]
[Round "03"]
[TimeControl "180+1"]
[Date "2022.05.31"]
[WhiteClock "0:00:10"]
[BlackClock "0:00:04"]

1. Nf3 Nf6 2. b3 d5 3. Bb2 e6 4. g3 b6 5. Bg2 Bd6 6. c4 Bb7 7. O-O O-O 8. e3 Nbd7 9. d4 Qe7 10. cxd5 exd5 11. Nc3 a6 12. Qc2 Ne4 13. Nxe4 dxe4 14. Nd2 f5 15. Nc4 Rac8 16. Rac1 Bd5 17. Qe2 a5 18. Nxd6 Qxd6 19. Rc2 c6 20. Rfc1 a4 21. Rc3 axb3 22. axb3 Ra8 23. Qc2 Ra2 24. Qb1 Rfa8 25. R1c2 Nf6 26. Qc1 Qd7 27. Bf1 b5 28. h3 Qf7 29. b4 h5 30. h4 R8a6 31. Be2 Ng4 32. Ba3 Rxc2 33. Rxc2 Qa7 34. Rc3 Qb7 35. Rc5 Kh7 36. Kg2 Ra8 37. Bb2 Qd7 38. Rc3 Nf6 39. Bd1 Qd6 40. Ba3 Ra6 41. Qb2 Kh6 42. Rc1 Qd7 43. Qc3 Qa7 44. Bb2 Qd7 45. Be2 Qd6 46. Ra1 Rxa1 47. Bxa1 Qc7 48. Qa3 Qb7 49. Qa5 Qc8 50. Qa7 Qd7 51. Qb8 Qe8 52. Qf4+ Kh7 53. Qxf5+ Qg6 54. Qf4 Ng4 55. Bc3 Qf6 56. Bd1 Qxf4 57. gxf4 Nf6 58. Bd2 Kg6 59. Bc2 Kf5 60. Kg3 g6 61. Bc1 Ng4 62. Bd1 Be6 63. Be2 Kf6 64. f3 exf3 65. Bxf3 Bd5 66. e4 Bc4 67. Bxg4 hxg4 68. Kxg4 Be2+ 69. Kg3 Bd3 70. Kf3 Bc2 71. Bb2 Ke6 72. Ke3 Bb1 73. Bc3 Bc2 74. h5 gxh5 75. f5+ Kf6 76. d5+ Ke7 77. dxc6 Kd6 78. Kf4 Kxc6 79. e5 Kd7 80. Be1 Ke7 81. Bh4+ Kf7 82. e6+ Ke8 83. f6 Bb3 84. Ke5 Bc4 85. Bg5 1-0


[Site "https://www.chess.com"]

[Event "Titled Tuesday Blitz May 31 Early 2022"]
[White "Oparin, Grigoriy"]
[Black "Lianes Garcia, Marcos"]
[WhiteFideId "24125890"]
[BlackFideId "32060777"]
[WhiteElo "2665"]
[BlackElo "2310"]
[Result "1-0"]
[Round "03"]
[TimeControl "180+1"]
[Date "2022.05.31"]
[WhiteClock "0:00:24"]
[BlackClock "0:00:06"]

1. e4 g6 2. d4 Bg7 3. Nf3 c5 4. dxc5 Qa5+ 5. c3 Qxc5 6. Na3 d6 7. Be3 Qa5 8. Bd3 Nc6 9. O-O Nf6 10. h3 O-O 11. Re1 Rd8 12. Qe2 h6 13. Bf4 Be6 14. Nc4 Qc7 15. e5 dxe5 16. Ncxe5 Nxe5 17. Nxe5 Qb6 18. Be3 Qd6 19. Bd4 Bd5 20. Rad1 Qc7 21. c4 Bc6 22. Bc3 e6 23. Nxc6 Qxc6 24. b4 Rac8 25. c5 a6 26. a3 Qa4 27. Qb2 Ne8 28. Bc2 Qc6 29. Bxg7 Nxg7 30. Qf6 Qc7 31. g3 Ne8 32. Qh4 Kg7 33. Be4 Nf6 34. Bf3 b6 35. c6 Nd5 36. Bxd5 exd5 37. Qd4+ Kg8 38. Rc1 Rd6 39. Re5 Rxc6 40. Rxc6 Qxc6 41. Rxd5 Qc1+ 42. Kg2 Qc6 43. Kh2 Qa4 44. Qe3 Qc6 45. Qd4 Qa4 46. Qe3 Qc6 47. Re5 Kg7 48. Re7 Qf6 49. Rb7 Rc2 50. Kg1 Qc6 51. Qe5+ Qf6 52. Qxf6+ Kxf6 53. Rxb6+ Kf5 54. Rxa6 Ke4 55. Kg2 f5 56. Rxg6 1-0


[Site "https://www.chess.com"]

[Event "Titled Tuesday Blitz May 31 Early 2022"]
[White "Plazuelo Pascual, Juan"]
[Black "Pakleza, Zbigniew"]
[WhiteFideId "32059566"]
[BlackFideId "1119290"]
[WhiteElo "2359"]
[BlackElo "2467"]
[Result "1/2-1/2"]
[Round "03"]
[TimeControl "180+1"]
[Date "2022.06.01"]
[WhiteClock "0:00:10"]
[BlackClock "0:00:07"]

1. d4 d6 2. e4 Nf6 3. Nc3 c6 4. f4 Qb6 5. e5 Nd5 6. Nxd5 cxd5 7. c3 Bf5 8. Nf3 e6 9. Be2 Nc6 10. O-O Be7 11. Kh1 O-O-O 12. a4 Kb8 13. exd6 Bxd6 14. Ne5 Qc7 15. a5 a6 16. Qa4 Rc8 17. b4 f6 18. Nd3 Bxd3 19. Bxd3 Na7 20. Bd2 Qc6 21. Qxc6 Rxc6 22. Rae1 Bc7 23. Re2 Kc8 24. Rfe1 Kd7 25. g4 Nb5 26. Bxb5 axb5 27. Kg2 h5 28. h3 hxg4 29. hxg4 Rh4 30. Kf3 Ke7 31. f5 Rh3+ 32. Kg2 Rh2+ 33. Kf3 Rh3+ 34. Kg2 Rh2+ 35. Kf3 Rxe2 36. Rxe2 e5 37. g5 Rc4 38. g6 Bd6 39. Be1 Kd7 40. dxe5 Bxe5 41. Ra2 Rf4+ 42. Ke2 Rxf5 43. a6 bxa6 44. Rxa6 Rg5 45. Ra7+ Bc7 46. Bd2 Rf5 47. Be3 Kc6 48. Ra6+ Kb7 49. Ra7+ Kb8 50. Ra6 Re5 51. Kd3 Re4 52. Bc5 Rg4 53. Re6 Rxg6 54. Re8+ Kb7 55. Re7 Kc6 56. Re6+ Kd7 57. Re7+ Kd8 58. Rf7 Rg4 59. Bf8 Rg3+ 60. Kc2 Ke8 61. Rxg7 Kxf8 62. Rxc7 f5 63. Rc5 f4 64. Rxd5 f3 65. Rf5+ Ke7 66. Kb3 Ke6 67. Rf8 Ke5 68. c4 f2+ 69. Kc2 Rg2 70. Kb3 bxc4+ 71. Kxc4 Ke4 72. b5 Ke3 73. Kc5 Rg4 74. Rxf2 Kxf2 75. b6 Rg5+ 76. Kc6 Rg6+ 77. Kc7 Rg7+ 78. Kc6 Rg6+ 79. Kc7 Rxb6 80. Kxb6 1/2-1/2


[Site "https://www.chess.com"]

[Event "Titled Tuesday Blitz May 31 Early 2022"]
[White "Ponkratov, Pavel"]
[Black "Korchmar, Vasiliy"]
[WhiteFideId "4157800"]
[BlackFideId "24131750"]
[WhiteElo "2487"]
[BlackElo "2370"]
[Result "1-0"]
[Round "03"]
[TimeControl "180+1"]
[Date "2022.05.31"]
[WhiteClock "0:01:54"]
[BlackClock "0:01:02"]

1. d4 d5 2. c4 c6 3. Nc3 Nf6 4. Bg5 e6 5. e3 Be7 6. Nf3 h6 7. Bf4 Nbd7 8. Qc2 O-O 9. g4 dxc4 10. g5 hxg5 11. Nxg5 b5 12. Rg1 Qa5 13. O-O-O b4 14. Bxc4 bxc3 15. Nxe6 cxb2+ 16. Kb1 fxe6 17. Bxe6+ Rf7 18. Qg6 Bf8 19. Bxf7+ Kh8 20. Rg5 1-0


[Site "https://www.chess.com"]

[Event "Titled Tuesday Blitz May 31 Early 2022"]
[White "Riehle, Marco"]
[Black "Wagner, Dinara"]
[WhiteFideId "12904392"]
[BlackFideId "24157570"]
[WhiteElo "2462"]
[BlackElo "2216"]
[Result "0-1"]
[Round "03"]
[TimeControl "180+1"]
[Date "2022.06.01"]
[WhiteClock "0:00:10"]
[BlackClock "0:00:14"]

1. e4 c5 2. a3 e6 3. b4 cxb4 4. axb4 Bxb4 5. Bb2 Nf6 6. e5 Nd5 7. c4 Nb6 8. Ra3 Nc6 9. Rg3 g6 10. h4 h5 11. Nf3 Rf8 12. Bd3 d6 13. O-O dxe5 14. Nxe5 Nxe5 15. Bxe5 Qxh4 16. Nc3 Nxc4 17. Qa4+ Bd7 18. Qxb4 Rc8 19. Ne4 a5 20. Nd6+ Kd8 21. Nxb7+ Ke8 22. Nd6+ Kd8 23. Qxc4 Rxc4 24. Bxc4 Ke7 25. Be2 f6 26. Rh3 Qb4 27. Bg3 e5 28. Nc4 Bxh3 29. gxh3 a4 30. f4 e4 31. f5 Rd8 32. fxg6 Qc5+ 33. Kg2 Qg5 34. h4 Qxg6 35. Rb1 e3 36. d3 Qf5 37. Nxe3 Qc5 38. Bf2 Kf8 39. Nf1 Qd5+ 40. Bf3 Qxd3 41. Rb7 Qc2 42. Ne3 Qd2 43. Nc4 Qc2 44. Ne3 Qd2 45. Rb6 a3 46. Rxf6+ Kg7 47. Ra6 a2 48. Nf5+ Kf8 49. Rf6+ Kg8 50. Rg6+ Kf8 51. Kg3 Qc2 52. Rf6+ Kg8 53. Bxh5 Qc3+ 54. Bf3 Qxf6 55. Ne3 a1=Q 56. Ng4 Qfe5+ 57. Nxe5 Qxe5+ 58. Kg2 Rd2 59. h5 Qd4 60. Kg3 Qxf2+ 61. Kf4 Rd4+ 0-1


[Site "https://www.chess.com"]

[Event "Titled Tuesday Blitz May 31 Early 2022"]
[White "Sadubayev, Airat"]
[Black "Vokhidov, Shamsiddin"]
[WhiteFideId "13713264"]
[BlackFideId "14204223"]
[WhiteElo "2234"]
[BlackElo "2611"]
[Result "0-1"]
[Round "03"]
[TimeControl "180+1"]
[Date "2022.05.31"]
[WhiteClock "0:00:02"]
[BlackClock "0:01:07"]

1. e4 c5 2. Nf3 Nc6 3. Bb5 Nf6 4. Bxc6 dxc6 5. d3 Bg4 6. O-O Nd7 7. h3 Bh5 8. Be3 e5 9. Nbd2 Bd6 10. Qe1 Qe7 11. Nh2 O-O 12. a4 Bg6 13. b3 Rad8 14. f4 exf4 15. Bxf4 Ne5 16. Qg3 f6 17. Nhf3 Nxf3+ 18. Nxf3 Bxf4 19. Qxf4 Bf7 20. Rae1 Be6 21. Qg3 b5 22. Ra1 c4 23. bxc4 bxc4 24. d4 c3 25. Rfe1 Bc4 26. Nh4 Be6 27. Qxc3 Qd6 28. Rad1 Rfe8 29. Nf3 Bf7 30. Qa5 Bg6 31. e5 Qd7 32. exf6 gxf6 33. c3 Be4 34. Qh5 Kh8 35. Re3 Bg6 36. Qh6 Rxe3 37. Qxe3 c5 38. Rd2 c4 39. a5 Re8 40. Qf4 Kg7 41. d5 Bd3 42. Kh2 Qxd5 43. Rb2 Re7 44. a6 Qc6 45. Qg4+ Bg6 46. Nd4 Qd5 47. Rb7 Rxb7 48. axb7 Qxb7 49. Qe6 Qb8+ 50. Kg1 Qc7 51. Qd5 Bf7 52. Nf5+ Kf8 53. Qd4 Qb6 0-1


[Site "https://www.chess.com"]

[Event "Titled Tuesday Blitz May 31 Early 2022"]
[White "Samunenkov, Ihor"]
[Black "Paravyan, David"]
[WhiteFideId "14187086"]
[BlackFideId "4194985"]
[WhiteElo "2409"]
[BlackElo "2569"]
[Result "1/2-1/2"]
[Round "03"]
[TimeControl "180+1"]
[Date "2022.05.31"]
[WhiteClock "0:00:07"]
[BlackClock "0:00:21"]

1. d4 Nf6 2. c4 g6 3. Nf3 Bg7 4. g3 c6 5. Bg2 d5 6. O-O O-O 7. cxd5 cxd5 8. Ne5 Ne4 9. Nd2 Nf6 10. Nb1 Ne4 11. Nc3 Nxc3 12. bxc3 Nc6 13. Nxc6 bxc6 14. Ba3 Ba6 15. Re1 Re8 16. e4 e6 17. Bc5 Bf8 18. Bxf8 Rxf8 19. Qa4 Bb5 20. Qa3 Qc7 21. Rab1 Rab8 22. Qc5 Bc4 23. a3 Rfc8 24. h4 Rb5 25. Rxb5 cxb5 26. Qxc7 Rxc7 27. exd5 Bxd5 28. Bxd5 exd5 29. Re8+ Kg7 30. Rd8 Rxc3 31. Rxd5 a6 32. a4 b4 33. Kg2 b3 34. Rd6 Rc4 35. Rb6 Rxa4 36. Rxb3 Rxd4 37. Ra3 Rd6 38. Ra5 Re6 39. h5 f5 40. hxg6 hxg6 41. f4 Kf6 42. Kf3 Rb6 43. g4 Rb3+ 44. Kf2 fxg4 45. Rxa6+ Kf5 46. Ra5+ Kxf4 47. Ra4+ Kg5 48. Ra2 Kh4 49. Kg2 Rd3 50. Rc2 Rf3 51. Ra2 Rf5 52. Rb2 Rf4 53. Ra2 g3 54. Ra8 Rf2+ 55. Kg1 Kg4 56. Ra7 Re2 57. Ra6 g5 58. Rb6 Re3 59. Ra6 Re4 60. Rb6 Kf3 61. Rf6+ Rf4 62. Ra6 Kg4 63. Kg2 Rb4 64. Rc6 Rb2+ 65. Kg1 Re2 66. Ra6 Kh5 67. Rb6 Kh4 68. Ra6 Rd2 69. Rh6+ Kg4 70. Ra6 Rc2 71. Rb6 Re2 72. Ra6 Kf3 73. Rf6+ Ke3 74. Re6+ Kf3 75. Rxe2 Kxe2 76. Kg2 Ke3 77. Kxg3 Ke4 78. Kg4 Ke5 79. Kxg5 1/2-1/2


[Site "https://www.chess.com"]

[Event "Titled Tuesday Blitz May 31 Early 2022"]
[White "Sokolovsky, Yahli"]
[Black "Jain, Naveen"]
[WhiteFideId "2820242"]
[BlackFideId "5003970"]
[WhiteElo "1770"]
[BlackElo "2036"]
[Result "1-0"]
[Round "03"]
[TimeControl "180+1"]
[Date "2022.06.01"]
[WhiteClock "0:00:08"]
[BlackClock "0:00:02"]

1. b3 Nf6 2. Bb2 g6 3. d4 Bg7 4. Nf3 O-O 5. g3 d6 6. Bg2 Nc6 7. d5 Nb8 8. O-O c6 9. c4 cxd5 10. cxd5 Bg4 11. Nc3 Bxf3 12. Bxf3 Nbd7 13. Bg2 a6 14. Rc1 Rc8 15. Qd2 b5 16. Rc2 Qb6 17. Rfc1 Rc5 18. Nd1 Rxc2 19. Rxc2 b4 20. Bd4 Nc5 21. Nb2 Nfd7 22. Bxg7 Kxg7 23. Qd4+ Kg8 24. e3 Qb5 25. Bf1 Qb7 26. h4 h5 27. Nc4 Nf6 28. Bg2 Qb5 29. Bf1 Qb7 30. Bg2 Ra8 31. Na5 Qd7 32. Qxb4 Nd3 33. Qd2 Ne5 34. Nc6 Qb7 35. Qd4 Re8 36. Nxe5 dxe5 37. Qxe5 Rc8 38. d6 Qb8 39. Rxc8+ Qxc8 40. Qb2 Ng4 41. dxe7 Qd7 42. Qc2 Qxe7 43. Bh3 Nf6 44. Bg2 a5 45. Qc8+ Kg7 46. Qc3 Qa3 47. Qc2 Qb4 48. Bf3 Qa3 49. Kg2 Qb4 50. Qb2 Qc5 51. a3 Qb6 52. b4 axb4 53. Qxb4 Qe6 54. a4 Nd7 55. Qd4+ Kg8 56. a5 Ne5 57. Qd5 Qe7 58. a6 Kg7 59. Qb7 Qf6 60. a7 1-0


[Site "https://www.chess.com"]

[Event "Titled Tuesday Blitz May 31 Early 2022"]
[White "Stankovic, Ivan G"]
[Black "Molina, Roberto Junio Brito"]
[WhiteFideId "902837"]
[BlackFideId "2109450"]
[WhiteElo "2195"]
[BlackElo "2432"]
[Result "0-1"]
[Round "03"]
[TimeControl "180+1"]
[Date "2022.05.31"]
[WhiteClock "0:00:07"]
[BlackClock "0:00:21"]

1. e4 c6 2. d4 d5 3. e5 Bf5 4. Nf3 e6 5. Be2 Nd7 6. Nbd2 h6 7. Nb3 Ne7 8. O-O Bh7 9. a4 Ng6 10. Be3 Be7 11. a5 a6 12. c4 dxc4 13. Bxc4 O-O 14. Qd2 Re8 15. Rfd1 b5 16. Bd3 Rc8 17. Rac1 Bf8 18. Be4 Ne7 19. Bxh7+ Kxh7 20. Qd3+ Kg8 21. Nfd2 Nd5 22. Ne4 c5 23. Nbxc5 Bxc5 24. Nxc5 Nxc5 25. dxc5 Qxa5 26. Bd2 Qc7 27. b4 Qxe5 28. Ra1 Rc6 29. g3 Qf6 30. Ra5 Rd8 31. Be1 Rd7 32. Qa3 e5 33. Ra1 Nc7 34. Qe3 Qe6 35. Bc3 f6 36. Qe4 Rd5 37. R5a2 Qd7 38. Qc2 Re6 39. Qb3 Qf7 40. Qc2 Re8 41. Qe4 Red8 42. Rc2 Rd1+ 43. Rxd1 Rxd1+ 44. Kg2 Qd5 45. Qxd5+ Nxd5 46. Bd2 Kf7 0-1


[Site "https://www.chess.com"]